 Dungeon Crawl Stone Soup version 0.19.4-8-ga85b6b9 (webtiles) character file.

185 Qew7 the Skirmisher (level 5, 0/43 HPs)
             Began as a Demonspawn Abyssal Knight on Feb 9, 2017.
             Was a Priest of Lugonu.
             Slain by Pikel
             ... wielding a +2 whip of freezing
              (1 damage)
             ... on level 4 of the Dungeon.
             The game lasted 00:15:10 (2931 turns).

Qew7 the Skirmisher (Demonspawn Abyssal Knight)     Turns: 2931, Time: 00:15:10

Health: 0/43       AC:  4    Str: 11 (14) XL:     5   Next: 37%
Magic:  7/7        EV: 10    Int: 14 (16) God:    Lugonu [***...]
Gold:   202        SH:  2    Dex:  9 (12) Spells: 0 memorised, 4 levels left

rFire  + . .     SeeInvis +     k - +4 hand axe
rCold  . . .     Gourm    .     b - +0 leather armour
rNeg   . . .     Faith    .     f - +0 buckler
rPois  .         Spirit   .     (no helmet)
rElec  .         Reflect  .     (no cloak)
rCorr  .         Harm     .     (no gloves)
MR     .....                    (no boots)
Stlth  ++........               o - amulet of regeneration
                                g - ring of see invisible
                                m - +3 ring of intelligence

@: no status effects
A: rugged brown scales 1, blink, fire resistance 1, nightstalker 1, sense
surroundings 1
a: Blink, Depart the Abyss, Bend Space, Banish, Renounce Religion


You were on level 4 of the Dungeon.
You worshipped Lugonu.
Lugonu was most pleased with you.
You were not hungry.

You visited 1 branch of the dungeon, and saw 4 of its levels.
You visited the Abyss 1 time.

You collected 202 gold pieces.

Inventory:

Hand Weapons
 a - a +1 falchion
 k - a +4 hand axe (weapon)
Armour
 b - a +0 leather armour (worn)
 f - a +0 buckler (worn)
Jewellery
 e - a -2 ring of intelligence
 g - a ring of see invisible (right hand)
 m - a +3 ring of intelligence (left hand)
 o - an amulet of regeneration (around neck)
Scrolls
 c - 2 scrolls of remove curse
Comestibles
 h - 2 slices of pizza
 l - a meat ration
 n - 2 bread rations


   Skills:
 + Level 4.0 Fighting
 - Level 2.4 Long Blades
 * Level 2.2 Axes
 + Level 2.3 Armour
 + Level 1.7 Dodging
 + Level 0.8 Stealth
 + Level 3.0 Invocations


You had 4 spell levels left.
You didn't know any spells.

Dungeon Overview and Level Annotations

Branches:
Dungeon (4/15)
 Temple: D:4-7

Altars:
Kikubaaqudgha
Sif Muna

Annotations:
D:3 Terence
D:4 Pikel


Innate Abilities, Weirdness & Mutations

You are partially covered in rugged brown scales. (AC +1, +3% HP)
You are slightly more attuned to the shadows.
You can translocate small distances at will.
Your flesh is heat resistant. (rF+)
You passively map a small area around you.


Message History

You closely miss Pikel.
Pikel is heavily wounded.
Pikel hits you with a whip of freezing.
* * * LOW HITPOINT WARNING * * *
Pikel freezes you.
* * * LOW HITPOINT WARNING * * *
Pikel drinks a potion.
Pikel is healed!
Pikel says, "You'll fetch a fair price!"
Pikel hits you with a whip of freezing. Pikel freezes you.
You slash Pikel!
Pikel is heavily wounded.
Pikel hits you with a whip of freezing. Pikel freezes you.
Pikel hits you with a whip of freezing!
* * * LOW HITPOINT WARNING * * *
Pikel freezes you.
* * * LOW HITPOINT WARNING * * *
Pikel hits you with a whip of freezing.
* * * LOW HITPOINT WARNING * * *
Pikel freezes you.
You die...

* #.......>...
, ,
#..?........
,** * , ,
#.#.....#... ,,
, ,, ,
#...........
,#.###.#...#.##
, ,
,#p#...........
*
#.#.#.##....##.
,
#.#.#.........,
, #.#.#@###...#
, *
#p#<..K..$..#,,
* * *
#.#.#.#.....# *
#.#.#$#p....#,
#.#.#.#..p..#
,#p........p.#
#p###.#..#..#
,#.# #.##.#..#
#.#
#....#..#####


You could see Pikel and 3 slaves.

Vanquished Creatures
  A jelly (D:3)
  3 gnolls (D:3)
  3 adders
  An ooze (D:2)
  A worm (D:2)
  3 dart slugs
  2 leopard geckos
  2 orcs (D:3)
  11 bats
  2 giant cockroaches
  11 goblins
  2 hobgoblins
  10 jackals
  13 kobolds
  A quokka (D:2)
  2 ball pythons
  3 frilled lizards
  9 rats
80 creatures vanquished.

Notes
Turn   | Place    | Note
-------+----------+-------------------------------------------
     0 | Abyss:1  | Qew7 the Demonspawn Abyssal Knight began the quest for the Orb.
     0 | Abyss:1  | Reached XP level 1. HP: 18/18 MP: 2/2
   129 | Abyss:1  | Noticed a small abomination
   159 | Abyss:1  | Noticed a tentacled starspawn
   165 | D:1      | Escaped the Abyss
   230 | D:1      | Gained mutation: You are slightly more attuned to the shadows. [demonic ancestry]
   230 | D:1      | Reached XP level 2. HP: 13/24 MP: 3/3
   233 | D:1      | Reached skill level 1 in Dodging
   467 | D:1      | Reached * piety under Lugonu
   765 | D:1      | Reached XP level 3. HP: 28/29 MP: 5/5
  1270 | D:2      | Gained mutation: You passively map a small area around you. [potion of mutation]
  1270 | D:2      | Gained mutation: Your flesh is heat resistant. (rF+) [potion of mutation]
  1270 | D:2      | Gained mutation: You can translocate small distances at will. [potion of mutation]
  1551 | D:2      | Reached ** piety under Lugonu
  1552 | D:2      | Gained mutation: You are partially covered in rugged brown scales. (AC +1, +3% HP) [demonic ancestry]
  1552 | D:2      | Reached XP level 4. HP: 26/37 MP: 6/6
  1897 | D:3      | Reached skill level 1 in Axes
  1993 | D:3      | Noticed Terence
  2052 | D:3      | Reached XP level 5. HP: 41/43 MP: 7/7
  2080 | D:3      | Reached *** piety under Lugonu
  2089 | D:3      | Found an ancient bone altar of Kikubaaqudgha.
  2174 | D:3      | Reached skill level 4 in Fighting
  2287 | D:3      | Found a deep blue altar of Sif Muna.
  2292 | D:3      | Found a faded altar of an unknown god.
  2297 | D:3      | Found a faded altar of an unknown god.
  2298 | D:3      | Found a faded altar of an unknown god.
  2311 | D:3      | Found a faded altar of an unknown god.
  2764 | D:4      | Noticed a slave
  2765 | D:4      | Noticed a slave
  2765 | D:4      | Noticed a slave
  2766 | D:4      | Noticed a slave
  2769 | D:4      | Noticed Pikel
  2919 | D:4      | HP: 1/43 [Pikel/whip of freezing (4)]
  2931 | D:4      | HP: 1/43 [Pikel/whip of freezing (6)]
  2931 | D:4      | Slain by Pikel

Skill      XL: |  1  2  3  4  5 |
---------------+----------------+-----
Dodging        | 1 |  1.7
Long Blades    | 2 |  2.4
Invocations    | 3 |  3.0
Armour         | 2 |  2.3
Axes           | 1 2 |  2.2
Fighting       | 4 |  4.0
Stealth        | |  0.8

Action                   |  1- 3 |  4- 6 || total
-------------------------+-------+-------++-------
Melee: Falchion          |   101 |       ||   101
       Hand axe          |     6 |   124 ||   130
Invok: Depart the Abyss  |     1 |       ||     1
  Use: Scroll            |     5 |     8 ||    13
       Potion            |     8 |     3 ||    11
 Stab: Sleeping          |     4 |     6 ||    10
  Eat: Bread ration      |     1 |       ||     1
       Fruit             |       |     1 ||     1
       Pizza             |       |     1 ||     1
Armor: Leather armour    |    18 |    32 ||    50
Dodge: Dodged            |    77 |    67 ||   144
Block: Buckler           |       |     4 ||     4
       Rpst.: Falchion   |    15 |       ||    15
